 Dungeon Crawl Stone Soup version 0.18-a0-1805-g8ab820f (webtiles) character file.

92 Zhenya25pyc the Covered (level 4, 0/29 HPs)
             Began as a Gargoyle Fighter on Apr 25, 2016.
             Slain by a gnoll
             ... wielding a +0 club
              (4 damage)
             ... on level 3 of the Dungeon.
             The game lasted 00:02:18 (1873 turns).

Zhenya25pyc the Covered (Gargoyle Fighter)          Turns: 1873, Time: 00:02:19

Health: 0/29       AC: 10    Str: 20    XL:     4   Next: 60%
Magic:  4/4        EV:  7    Int:  9    God:
Gold:   190        SH:  9    Dex:  9    Spells: 0 memorised, 3 levels left

rFire  . . .     SeeInvis .     r - +0 morningstar
rCold  . . .     Gourm    .     b - +0 scale mail
rNeg   + . .     Faith    .     c - +0 shield
rPois  ∞         Spirit   .     (no helmet)
rElec  +         Dismiss  .     (no cloak)
rCorr  .         Reflect  .     (no gloves)
SustAt .         Harm     .     (no boots)
MR     .....                    (no amulet)
Stlth  ..........               (no ring)
                                e - ring of loudness (curse)

@: not resistant to hostile enchantments, extremely unstealthy
A: negative energy resistance 1, electricity resistance, unbreathing,
petrification resistance, rot immunity, AC +3
a: no special abilities


You were on level 3 of the Dungeon.
You were not hungry.

You visited 1 branch of the dungeon, and saw 3 of its levels.

You collected 190 gold pieces.

Inventory:

Hand Weapons
 r - a +0 morningstar (weapon)
Armour
 b - a +0 scale mail (worn)
 c - a +0 shield (worn)
Jewellery
 e - a cursed ring of loudness (left hand)
Wands
 o - a wand of slowing (26/48)
Scrolls
 i - a scroll of remove curse {unknown}
 k - a scroll of fog {unknown}
 m - a scroll of identify {unknown}
Potions
 d - a potion of might
 h - a potion of resistance {unknown}
 j - 2 potions of ambrosia {unknown}
 l - 2 potions of curing {unknown}
 n - a potion of cure mutation {unknown}
Comestibles
 f - 3 bread rations
 g - a fruit
 p - a beef jerky


   Skills:
 + Level 3.8 Fighting
 * Level 3.1 Maces & Flails
 + Level 4.2 Armour
 + Level 3.8 Shields


You had 3 spell levels left.
You didn't know any spells.

Dungeon Overview and Level Annotations

Branches:
Dungeon (3/15)

Altars:

Annotations:
D:3 Sl000nik's ghost, amateur GrFi


Innate Abilities, Weirdness & Mutations

You are resistant to torment.
Your stone body is resilient (AC +3).
You are immune to poison.
You resist negative energy.
You are resistant to electric shocks.
You can survive without breathing.
You are immune to petrification.
You are immune to rotting.


Message History

Sl000nik's ghost is severely damaged.
Sl000nik's ghost hits you but does no damage.
The gnoll barely misses you.
The giant gecko bites you but does no damage.
Sl000nik's ghost shouts, "You will join me soon!"
Sl000nik's ghost hits you!
* * * LOW HITPOINT WARNING * * *
Your shield and scale mail prevent you from hitting the giant gecko.
The giant gecko bites you but does no damage.
You block the gnoll's attack.
The giant gecko bites you but does no damage.
Sl000nik's ghost hits you but does no damage.
The gnoll hits you but does no damage.
You closely miss the giant gecko.
The giant gecko bites you but does no damage.
You block Sl000nik's ghost's attack. The gnoll hits you but does no damage.
You block the giant gecko's attack.
You closely miss the giant gecko. You block Sl000nik's ghost's attack.
The giant gecko closely misses you. The gnoll hits you with a club.
You die...

#.......#########.##.#.##
######..# ##.[......
##..# .......... #...#
#.####.#.## #...# #
#...<. #...# #.#.##
#####.#.# #.#.#
#......g#######. # #.#
#.#....W@l...... #.#
#.#.#########. #.# #.#.#
#.# #.#.# #.## # #.. ...
.## #### g .... ####


You could see Sl000nik's ghost, a gnoll and a giant gecko.

Vanquished Creatures
  An adder (D:3)
  4 worms
  A dart slug (D:1)
  A giant gecko (D:1)
  8 orcs (D:3)
  6 giant cockroaches
  6 hobgoblins
  A quokka (D:3)
  A ball python (D:1)
  6 bats
  4 giant newts
  9 goblins
  5 kobolds
  7 rats
60 creatures vanquished.

Notes
Turn   | Place    | Note
--------------------------------------------------------------
     0 | D:1      | Zhenya25pyc the Gargoyle Fighter began the quest for the Orb.
     0 | D:1      | Reached XP level 1. HP: 14/14 MP: 1/1
   228 | D:1      | Reached XP level 2. HP: 18/19 MP: 2/2
   464 | D:1      | Reached XP level 3. HP: 21/23 MP: 3/3
  1279 | D:3      | Reached skill level 4 in Armour
  1279 | D:3      | Reached XP level 4. HP: 23/29 MP: 4/4
  1862 | D:3      | Noticed Sl000nik's ghost (amateur GrFi)
  1873 | D:3      | Slain by a gnoll

Vault maps used:
D:1:      saegor_arrival_simple_b

Skill      XL: |  1  2  3  4 |
---------------+-------------+-----
Armour         | 4 |  4.2
Maces & Flails | 3 |  3.1
Fighting       | |  3.8
Shields        | |  3.8

Action                   |  1- 3 |  4- 6 || total
-------------------------+-------+-------++-------
Melee: Flail             |   142 |    77 ||   219
       Morningstar       |       |    14 ||    14
  Eat: Chunk             |       |     4 ||     4
Armor: Scale mail        |    90 |    54 ||   144
Dodge: Dodged            |    44 |    23 ||    67
Block: Shield            |    58 |    46 ||   104
